 Dungeon Crawl Stone Soup version 0.26-a0-830-g2a559e7be2 (webtiles) character file.

Game seed: 4794577033546369671

1 P0NYSLAYSTATION the Grave Robber (level 1, -1/13 HPs)
             Began as a Demonspawn Necromancer on Nov 15, 2020.
             Slain by a goblin
             ... wielding a +0 dagger
              (2 damage)
             ... on level 1 of the Dungeon.
             The game lasted 00:01:10 (94 turns).

P0NYSLAYSTATION the Grave Robber (DsNe)               Turns: 94, Time: 00:01:10

Health: -1/13      AC:  2    Str: 10    XL:     1   Next: 16%
Magic:  2/3        EV: 12    Int: 14    God:
Gold:   14         SH:  0    Dex: 13    Spells: 2/4 levels left

rFire    . . .     SeeInvis .   (no weapon)
rCold    + . .     Faith    .   (no shield)
rNeg     . . .     Spirit   .   a - +0 robe
rPois    .         Reflect  .   (no helmet)
rElec    .         Harm     .   (no cloak)
rCorr    .         Rampage  .   (no gloves)
MR       .....                  (no boots)
Stlth    ++........             (no amulet)
HPRegen  0.04/turn              (no ring)
MPRegen  0.08/turn              (no ring)

@: no status effects
A: cold resistance 1, dopey 1, strong 1
a: no special abilities


You were on level 1 of the Dungeon.
You visited 1 branch of the dungeon, and saw 2 of its levels.

You collected 14 gold pieces.

Inventory:

Hand Weapons
 b - a +0 spear
Missiles
 c - 13 poisoned darts (quivered)
Armour
 a - a +0 robe (worn)


   Skills:
 + Level 1.7 Dodging
 + Level 1.7 Stealth
 + Level 2.0 Spellcasting
 + Level 4.4 Necromancy


You had 2 spell levels left.
You knew the following spells:

 Your Spells              Type           Power        Failure   Level
a - Pain                  Necr           ##..         3%          1
b - Animate Skeleton      Necr           ##....       3%          1

Your spell library contained the following spells:

 Spells                   Type           Power        Failure   Level
 Vampiric Draining        Necr           ##........   12%         3
 Animate Dead             Necr           ##........   36%         4
 Agony                    Necr           ##......     71%         5


Dungeon Overview and Level Annotations

Branches:
Dungeon (2/15)

Altars:


Innate Abilities, Weirdness & Mutations

Your flesh is cold resistant. (rC+)
You are dopey. (Int -2)
Your muscles are strong. (Str +2)


Message History

Aim: a hobgoblin, wielding a -1 club (chance to defeat MR: 85%)
The hobgoblin writhes in agony.
There is a stone staircase leading down here.
You climb downwards.
A rat and a dart slug come into view.
Found 2 fuming white potions, 6 gold pieces and a ring mail.
Found a stone staircase leading up.
There is a stone staircase leading up here.
You climb upwards.
The hobgoblin barely misses you. The goblin hits you with a +0 dagger.
The hobgoblin barely misses you.
There is a stone staircase leading down, spattered with blood here.
The goblin hits you with a +0 dagger.
* * * LOW HITPOINT WARNING * * *
The hobgoblin barely misses you. The goblin hits you with a +0 dagger.
* * * LOW HITPOINT WARNING * * *
It was a potion of mutation.
You feel extremely strange.
You feel stronger.
You feel stupid.
You feel resistant to cold. The goblin hits you with a +0 dagger.
You die...

...#
#..# .
#..# ..
#..# ...
#..###..
###.....
#.....#
#...@.#
#...g.#
#.....#
#.....#
####.##
#w###.#
#g....#
#.
#.#####
. .. #.#


You could see a dart slug, a hobgoblin and a goblin.

Vanquished Creatures
  A kobold (D:1)
1 creature vanquished.

Notes
Turn   | Place    | Note
-------+----------+-------------------------------------------
     0 | D:1      | P0NYSLAYSTATION the Demonspawn Necromancer began the quest
                  | for the Orb.
     0 | D:1      | Reached XP level 1. HP: 13/13 MP: 3/3
    14 | D:1      | Learned a level 1 spell: Animate Skeleton
    94 | D:1      | Gained mutation: Your muscles are strong. (Str +2) [potion
                  | of mutation]
    94 | D:1      | Gained mutation: You are dopey. (Int -2) [potion of
                  | mutation]
    94 | D:1      | Gained mutation: Your flesh is cold resistant. (rC+)
                  | [potion of mutation]
    94 | D:1      | Slain by a goblin

Illustrated notes

Levels and vault maps discovered:
D:1:      minmay_arrival_arboretum_small, layout_basic
D:2:      layout_rooms, tgw_trog, kennysheep_decorative_pillar

Action                   || total
-------------------------++-------
 Cast: Pain              ||     2
  Use: Potion            ||     1
Dodge: Dodged            ||     4

Table legend: (Time is in decaauts)
 A = Elapsed time spent in this place.
 B = Non-inter-level travel time spent in this place.
 C = Inter-level travel time spent in this place.
 D = Time resting spent in this place.
 E = Time spent auto-exploring this place.
 F = Levels seen in this place.
 G = Mean time per level.
                   A        B        C        D        E       F      G
               +--------+--------+--------+--------+--------+-----+--------+
         Total |     94 |     71 |     23 |      0 |     27 |   2 |   47.0 |
       Dungeon |     94 |     71 |     23 |      0 |     27 |   2 |   47.0 |
               +--------+--------+--------+--------+--------+-----+--------+

Top non-repeatable levels by time:
     D:1: 92 daAuts
     D:2: 1 daAuts
